TEX
MIDLAND ROCKHOUNDS @ CORPUS CHRISTI HOOKS
06/09/2099
 
TOP OF THE 1ST
Midland RockHounds batting - Pitching for Corpus Christi Hooks : RHP Brian Stearns
Pitching: RHP Brian Stearns
Batting: LHB Phil Stuart 0-0: Called Strike
0-1: Ball
1-1: Swinging Strike
1-2: Fly out, F8 (Flyball, 8RXD, EV 102.5 MPH)
Batting: SHB Andy Phillips 0-0: Foul Ball, location: 2F
0-1: Swinging Strike
0-2: Ball
1-2: Foul Ball, location: 3F
1-2: Ball
2-2: Foul Ball, location: 5SF
2-2: Ball
3-2: SINGLE (Groundball, 3D, EV 96.3 MPH)
Batting: RHB Jose Cota 0-0: Grounds into double play, 2-6-3 (Groundball, 2R, EV 70.6 MPH)
Top of the 1st over - 0 runs, 1 hit, 0 errors, 0 left on base; Midland 0 - Corpus Christi 0
BOTTOM OF THE 1ST
Corpus Christi Hooks batting - Pitching for Midland RockHounds : RHP Dan Lash
Pitching: RHP Dan Lash
Batting: RHB Nate McKean 0-0: SINGLE (Line Drive, 6MD, EV 96.9 MPH)
Batting: LHB Malik Lindsey 0-0: Called Strike
Nate McKean is caught stealing 2nd base 2-6
0-1: Foul Ball, location: 7LDF
0-2: Ball
1-2: Ball
2-2: Ball
3-2: Base on Balls
Batting: RHB Eric Black 0-0: Ball
1-0: Ball
2-0: Fly out, F6 (Line Drive, 6, EV 68.8 MPH)
Batting: RHB James Woodard 0-0: Swinging Strike
0-1: Ball
1-1: Ball
2-1: Ball
3-1: Called Strike
3-2: Strikes out looking
Bottom of the 1st over - 0 runs, 1 hit, 0 errors, 1 left on base; Midland 0 - Corpus Christi 0
TOP OF THE 2ND
Midland RockHounds batting - Pitching for Corpus Christi Hooks : RHP Brian Stearns
Batting: RHB Bobby Flores 0-0: Ball
1-0: Called Strike
1-1: Ball
2-1: Swinging Strike
2-2: DOUBLE (Line Drive, 3D, EV 96.9 MPH)
Batting: RHB Milt May 0-0: Swinging Strike
0-1: Ball
1-1: Swinging Strike
1-2: Ball
2-2: Ball
3-2: Ground out 1-3 (Groundball, 13, EV 75.0 MPH)
Batting: LHB Jesse Nunes 0-0: Called Strike
0-1: Ball
1-1: Swinging Strike
1-2: Foul Ball, location: 2F
1-2: Foul Ball, location: 2F
1-2: Ball
2-2: Strikes out looking
Batting: RHB Luis Zuniga 0-0: Foul Ball, location: 2F
0-1: Called Strike
0-2: Ball
1-2: Fly out, F6 (Popup, 6M, EV 71.3 MPH)
Top of the 2nd over - 0 runs, 1 hit, 0 errors, 1 left on base; Midland 0 - Corpus Christi 0
BOTTOM OF THE 2ND
Corpus Christi Hooks batting - Pitching for Midland RockHounds : RHP Dan Lash
Batting: RHB Curtis Wilbur 0-0: Ball
1-0: Ball
2-0: Foul Ball, location: 25FF
2-1: Called Strike
2-2: Foul Ball, location: 9LSF
2-2: DOUBLE (Groundball, 5L, EV 104.4 MPH)
Batting: RHB David Warren 0-0: Ball
1-0: Ball
2-0: Called Strike
2-1: Ball
3-1: Fly out, F8 (Flyball, 89D, EV 100.0 MPH)
Batting: RHB Edwin Cardenas 0-0: Called Strike
0-1: Ball
1-1: Ball
2-1: Ground out U3 (Groundball, 3, EV 84.4 MPH)
Curtis Wilbur to third
Batting: RHB Ryan Avey 0-0: Ball
1-0: SINGLE (Line Drive, 6MD, EV 93.8 MPH)
Curtis Wilbur scores
Batting: RHB Danny Nunez 0-0: Called Strike
0-1: SINGLE (Line Drive, 6D, EV 95.0 MPH)
Ryan Avey to second
Runner from 2nd tries for 3rd, SAFE, throw by LF made to third
Batting: RHB Nate McKean 0-0: Ball
1-0: Ground out 4-3 (Groundball, 4S, EV 82.5 MPH)
Bottom of the 2nd over - 1 run, 3 hits, 0 errors, 2 left on base; Midland 0 - Corpus Christi 1
TOP OF THE 3RD
Midland RockHounds batting - Pitching for Corpus Christi Hooks : RHP Brian Stearns
Batting: RHB Kevin Paquette 0-0: Foul Ball, location: 2F
0-1: Ball
1-1: Called Strike
1-2: Strikes out swinging
Batting: RHB Victor Martinez 0-0: Called Strike
0-1: Swinging Strike
0-2: Foul Ball, location: 3F
0-2: Strikes out swinging
Batting: LHB Phil Stuart 0-0: Foul Ball, location: 7LSF
0-1: Ground out U3 (Groundball, 3, EV 96.9 MPH)
Top of the 3rd over - 0 runs, 0 hits, 0 errors, 0 left on base; Midland 0 - Corpus Christi 1
BOTTOM OF THE 3RD
Corpus Christi Hooks batting - Pitching for Midland RockHounds : RHP Dan Lash
Batting: LHB Malik Lindsey 0-0: Fly out, F8 (Line Drive, 8RM, EV 109.4 MPH)
Batting: RHB Eric Black 0-0: Ball
1-0: Foul Ball, location: 25FF
1-1: Fly out, F7 (Flyball, 78D, EV 102.5 MPH)
Batting: RHB James Woodard 0-0: Called Strike
0-1: Ball
1-1: Foul Ball, location: 9LSF
1-2: Ball
2-2: SINGLE (Line Drive, 4MD, EV 96.3 MPH)
Batting: RHB Curtis Wilbur 0-0: Ball
1-0: Foul Ball, location: 3FF
1-1: Ball
2-1: Foul Ball, location: 9LSF
2-2: Fly out, F8 (Flyball, 8RXD, EV 94.4 MPH)
Bottom of the 3rd over - 0 runs, 1 hit, 0 errors, 1 left on base; Midland 0 - Corpus Christi 1
TOP OF THE 4TH
Midland RockHounds batting - Pitching for Corpus Christi Hooks : RHP Brian Stearns
Batting: SHB Andy Phillips 0-0: Called Strike
0-1: Ground out 1-3 (Groundball, 13S, EV 73.1 MPH)
Batting: RHB Jose Cota 0-0: Fly out, F7 (Flyball, 7LD, EV 100.0 MPH)
Batting: RHB Bobby Flores 0-0: Swinging Strike
0-1: Ball
1-1: Ball
2-1: Fly out, F8 (Flyball, 8RM, EV 95.6 MPH)
Top of the 4th over - 0 runs, 0 hits, 0 errors, 0 left on base; Midland 0 - Corpus Christi 1
BOTTOM OF THE 4TH
Corpus Christi Hooks batting - Pitching for Midland RockHounds : RHP Dan Lash
Batting: RHB David Warren 0-0: Ball
1-0: Ground out 4-3 (Groundball, 4D, EV 80.0 MPH)
Batting: RHB Edwin Cardenas 0-0: Foul Ball, location: 5F
0-1: Foul Ball, location: 5SF
0-2: Foul Ball, location: 9LMF
0-2: Foul Ball, location: 23F
0-2: SINGLE (Line Drive, 56, EV 111.3 MPH)
Batting: RHB Ryan Avey 0-0: Foul Ball, location: 2F
0-1: Foul Ball, location: 2F
0-2: Ball
Edwin Cardenas steals 2nd base
1-2: Ball
2-2: Ground out 5-3 (Groundball, 56S, EV 80.6 MPH)
Batting: RHB Danny Nunez 0-0: Ball
1-0: Fly out, F9 (Flyball, 9D, EV 106.9 MPH)
Bottom of the 4th over - 0 runs, 1 hit, 0 errors, 1 left on base; Midland 0 - Corpus Christi 1
TOP OF THE 5TH
Midland RockHounds batting - Pitching for Corpus Christi Hooks : RHP Brian Stearns
Batting: RHB Milt May 0-0: Called Strike
0-1: Fly out, F4 (Popup, 23, EV 88.8 MPH)
Batting: LHB Jesse Nunes 0-0: Called Strike
0-1: Ball
1-1: Called Strike
1-2: Strikes out swinging
Batting: RHB Luis Zuniga 0-0: Ground out 6-3 (Groundball, 6, EV 83.1 MPH)
Top of the 5th over - 0 runs, 0 hits, 0 errors, 0 left on base; Midland 0 - Corpus Christi 1
BOTTOM OF THE 5TH
Corpus Christi Hooks batting - Pitching for Midland RockHounds : RHP Dan Lash
Batting: RHB Nate McKean 0-0: Ball
1-0: Called Strike
1-1: SINGLE (Groundball, 56D, EV 103.8 MPH) (infield hit)
Batting: LHB Malik Lindsey 0-0: Called Strike
0-1: Ball
1-1: Foul Ball, location: 25FF
1-2: Strikes out swinging
Batting: RHB Eric Black 0-0: Fly out, F7 (Flyball, 7S, EV 95.0 MPH)
Batting: RHB James Woodard 0-0: Ball
1-0: Ball
2-0: Swinging Strike
2-1: Ball
3-1: Foul Ball, location: 5DF
3-2: Strikes out looking
Bottom of the 5th over - 0 runs, 1 hit, 0 errors, 1 left on base; Midland 0 - Corpus Christi 1
TOP OF THE 6TH
Midland RockHounds batting - Pitching for Corpus Christi Hooks : RHP Brian Stearns
Batting: RHB Kevin Paquette 0-0: Ball
1-0: Fly out, F7 (Flyball, 7, EV 94.4 MPH)
Batting: RHB Victor Martinez 0-0: Ball
1-0: Ball
2-0: Fly out, F6 (Line Drive, 6D, EV 65.6 MPH)
Batting: LHB Phil Stuart 0-0: Foul Ball, location: 2F
0-1: Foul Ball, location: 7LSF
0-2: Ball
1-2: Strikes out swinging
Top of the 6th over - 0 runs, 0 hits, 0 errors, 0 left on base; Midland 0 - Corpus Christi 1
BOTTOM OF THE 6TH
Corpus Christi Hooks batting - Pitching for Midland RockHounds : RHP Dan Lash
Batting: RHB Curtis Wilbur 0-0: Called Strike
0-1: Ground out 6-3 (Groundball, 6, EV 103.1 MPH)
Batting: RHB David Warren 0-0: Ball
1-0: Called Strike
1-1: Ball
2-1: Ground out 5-3 (Groundball, 56, EV 83.8 MPH)
Batting: RHB Edwin Cardenas 0-0: Ground out 4-3 (Groundball, 34, EV 95.0 MPH)
Bottom of the 6th over - 0 runs, 0 hits, 0 errors, 0 left on base; Midland 0 - Corpus Christi 1
TOP OF THE 7TH
Midland RockHounds batting - Pitching for Corpus Christi Hooks : RHP Brian Stearns
Batting: SHB Andy Phillips 0-0: Called Strike
0-1: Called Strike
0-2: Foul Ball, location: 2RF
0-2: Fly out, F6 (Popup, 4MS, EV 65.6 MPH)
Batting: RHB Jose Cota 0-0: Ball
1-0: Foul Ball, location: 3F
1-1: Foul Ball, location: 7LSF
1-2: Ball
2-2: SOLO HOME RUN (Flyball, 9D, EV 96.9 MPH), Distance : 372 ft
Pitching: RHP Josh Baird
Batting: RHB Bobby Flores 0-0: Ball
1-0: Fly out, F8 (Flyball, 8RS, EV 75.0 MPH)
Batting: RHB Milt May 0-0: Swinging Strike
0-1: Ground out 4-3 (Groundball, 4M, EV 106.3 MPH)
Top of the 7th over - 1 run, 1 hit, 0 errors, 0 left on base; Midland 1 - Corpus Christi 1
BOTTOM OF THE 7TH
Corpus Christi Hooks batting - Pitching for Midland RockHounds : RHP Dan Lash
Batting: RHB Ryan Avey 0-0: Called Strike
0-1: Ground out 5-3 (Groundball, 56S, EV 69.4 MPH)
Batting: RHB Danny Nunez 0-0: Ball
1-0: Foul Ball, location: 2F
1-1: Called Strike
1-2: Ball
2-2: Ground out 4-3 (Groundball, 34, EV 106.9 MPH)
Batting: RHB Nate McKean 0-0: Swinging Strike
0-1: Ball
1-1: Foul Ball, location: 2F
1-2: Foul Ball, location: 2F
1-2: Ball
2-2: Ball
3-2: Base on Balls
Batting: LHB Malik Lindsey 0-0: Ball
1-0: DOUBLE (Line Drive, 9LM, EV 111.3 MPH)
Nate McKean to third
Runner from 3rd tries for Home, SAFE, throw by RF to trailing runner, SAFE at third!
Batting: RHB Eric Black 0-0: Ball
1-0: Called Strike
1-1: Swinging Strike
1-2: Ball
2-2: Ball
3-2: Strikes out looking
Bottom of the 7th over - 1 run, 1 hit, 0 errors, 1 left on base; Midland 1 - Corpus Christi 2
TOP OF THE 8TH
Midland RockHounds batting - Pitching for Corpus Christi Hooks : RHP Josh Baird
Batting: LHB Jesse Nunes 0-0: Foul Ball, location: 3F
0-1: Ball
1-1: Ball
2-1: Ball
3-1: Called Strike
3-2: Strikes out looking
Batting: RHB Luis Zuniga 0-0: Fly out, F8 (Flyball, 8LD, EV 100.6 MPH)
Batting: RHB Kevin Paquette 0-0: Ball
1-0: Foul Ball, location: 2F
1-1: Ground out 6-3 (Groundball, 6, EV 96.3 MPH)
Top of the 8th over - 0 runs, 0 hits, 0 errors, 0 left on base; Midland 1 - Corpus Christi 2
BOTTOM OF THE 8TH
Corpus Christi Hooks batting - Pitching for Midland RockHounds : RHP Dan Lash
Pitching: RHP Robby Melena
Batting: RHB James Woodard 0-0: Ball
1-0: Called Strike
1-1: Ball
2-1: Called Strike
2-2: Ball
3-2: Foul Ball, location: 9LMF
3-2: Strikes out swinging
SUSPENSION The game was called in the 8th inning due to bad weather.
Wednesday, May 8th , 2024 - OOTP Baseball 24.11 Build 85